 Dungeon Crawl Stone Soup version 0.29.1-15-g9cfb28693d (webtiles) character file.

Game seed: 1510857073578563257

9 javelincjr the Magician (level 2, -3/19 HPs)
             Began as a Demonspawn Hedge Wizard on Apr 4, 2023.
             Shot with a sling bullet by a hobgoblin (6 damage)
             ... on level 1 of the Dungeon.
             The game lasted 00:01:51 (390 turns).

javelincjr the Magician (Demonspawn Hedge Wizard)    Turns: 390, Time: 00:01:52

Health: -3/19      AC:  3    Str: 10    XL:     2   Next: 6%
Magic:  0/6        EV: 12    Int: 15    God:
Gold:   12         SH:  0    Dex: 12    Spells: 6/7 levels left

rFire   . . .      SeeInvis +   a - +0 dagger
rCold   . . .      Faith    .   (no shield)
rNeg    . . .      Spirit   .   b - +0 robe
rPois   +          Reflect  .   c - +0 hat
rElec   .          Harm     .   (no cloak)
rCorr   .          Rampage  .   g - +0 pair of gloves
Will    .....                   (no boots)
Stlth   ++........              (no amulet)
HPRegen 0.06/turn               k - ring of see invisible
MPRegen 0.10/turn               l - ring of poison resistance

@: no status effects
A: demonic guardian 1
a: no special abilities


You were on level 1 of the Dungeon.
You visited 1 branch of the dungeon, and saw 1 of its levels.

You collected 12 gold pieces.

Inventory:

Hand Weapons
 a - a +0 dagger (weapon)
Armour
 b - a +0 robe (worn)
 c - a +0 hat (worn)
 g - a +0 pair of gloves (worn)
Jewellery
 k - a ring of see invisible (left hand)
 l - a ring of poison resistance (right hand)
Scrolls
 h - 3 scrolls of butterflies {unknown}
 i - a scroll of vulnerability {unknown}
Potions
 d - a potion of magic
 e - a potion of degeneration {unknown}
 f - a potion of lignification {unknown}
 j - a potion of brilliance {unknown}


   Skills:
 + Level 2.0 Dodging
 + Level 1.9 Stealth
 + Level 3.0 Spellcasting
 + Level 1.1 Conjurations
 + Level 1.2 Summonings
 + Level 1.1 Translocations


You had 6 spell levels left.
You knew the following spells:

 Your Spells              Type           Power      Damage    Failure   Level
a - Magic Dart            Conj           20%        1d4       12%         1

Your spell library contained the following spells:

 Spells                   Type           Power      Damage    Failure   Level
 Blink                    Tloc           10%        N/A       19%         2
 Call Imp                 Summ           5%         N/A       19%         2
 Slow                     Hex            8%         N/A       21%         1
 Conjure Flame            Conj/Fire      4%         6-21      43%         3
 Mephitic Cloud           Conj/Pois/Air  3%         N/A       45%         3


Dungeon Overview and Level Annotations

Branches:
Dungeon (1/15)

Altars:


Innate Abilities, Weirdness & Mutations

A weak demonic guardian rushes to your aid.


Message History

You swap places.
Your quasit bites the hobgoblin.
Your quasit claws the hobgoblin but does no damage.
Your quasit closely misses the hobgoblin.
The hobgoblin closely misses your quasit.
Casting: Magic Dart (safe; 12% risk of failure)
Confirm with . or Enter, or press ? or * to list all spells.
Aiming: Magic Dart (safe; 12% risk of failure)
Press: ? - help, Shift-Dir - straight line, f - hobgoblin, p - hobgoblin
Aim: a hobgoblin, wielding a +0 sling and quivering stones (100% to hit)
The magic dart hits the hobgoblin.
The hobgoblin is moderately wounded.
Your quasit bites the hobgoblin but does no damage.
Your quasit claws the hobgoblin but does no damage. x2
The hobgoblin completely misses your quasit.
The hobgoblin shoots a sling bullet.
The sling bullet barely misses your quasit.
The sling bullet misses you.
Casting: Magic Dart (safe; 12% risk of failure)
Confirm with . or Enter, or press ? or * to list all spells.
Aiming: Magic Dart (safe; 12% risk of failure)
Press: ? - help, Shift-Dir - straight line, f/p - hobgoblin
Aim: a hobgoblin, wielding a +0 sling and quivering stones (moderately wounded, 100% to hit)
The magic dart hits the hobgoblin.
The hobgoblin is heavily wounded.
Your quasit barely misses the hobgoblin. x2
Your quasit claws the hobgoblin but does no damage.
The hobgoblin hits your quasit but does no damage.
The hobgoblin shoots a sling bullet.
The sling bullet barely misses your quasit.
The sling bullet closely misses you.
Your quasit bites the hobgoblin but does no damage.
Your quasit barely misses the hobgoblin.
Your quasit claws the hobgoblin but does no damage.
Your quasit closely misses the hobgoblin.
Your quasit barely misses the hobgoblin.
Your quasit claws the hobgoblin but does no damage.
The hobgoblin misses your quasit.
The hobgoblin shoots a sling bullet.
The sling bullet closely misses your quasit.
The sling bullet hits you.
You die...

r# #.# #.# #.#
#####+######.#
#......÷.....#
+..g.........#
#@5g.†.......###
######.....#...###
#.)...........
............#...###
###...>.#$g.#.###
#+#†..#.#.#..
S.....#+##.
K....... . .......
. ..


You could see 2 hobgoblins and a friendly quasit (summoned).

Vanquished Creatures
  2 ball pythons (D:1)
  A giant cockroach (D:1)
  A hobgoblin (D:1)
  2 kobolds (D:1)
  A bat (D:1)
  2 frilled lizards (D:1)
9 creatures vanquished.

Notes
Turn   | Place    | Note
-------+----------+-------------------------------------------
     0 | D:1      | javelincjr the Demonspawn Hedge Wizard began the quest for
                  | the Orb.
     0 | D:1      | Reached XP level 1. HP: 13/13 MP: 4/4
   170 | D:1      | Reached skill level 1 in Translocations
   242 | D:1      | Gained mutation: A weak demonic guardian rushes to your
                  | aid. [demonic ancestry]
   242 | D:1      | Reached XP level 2. HP: 9/19 MP: 0/6
   390 | D:1      | Shot with a sling bullet by a hobgoblin

Illustrated notes

Levels and vault maps discovered:
D:1:      erik_arrival_orb_chamber, layout_basic, serial_shops,
          nicolae_shop_trees, minmay_pentomino_w4

Skill      XL: |  1 |
---------------+----+-----
Translocations | 1 |  1.1
Dodging        | 2 |  2.0
Stealth        | |  1.9
Spellcasting   | |  3.0
Conjurations   | |  1.1
Summonings     | |  1.2

Action                   || total
-------------------------++-------
Melee: Dagger            ||    26
 Cast: Magic Dart        ||    20
Armor: Robe              ||    10
Dodge: Dodged            ||    25
